 Dungeon Crawl Stone Soup version 0.19.0-9-gfd783f2 (webtiles) character file.

434 syranez the Chopper (level 7, 0/61 HPs)
             Began as a Hill Orc Berserker on Nov 7, 2016.
             Was a Believer of Trog.
             Slain by a phantom (9 damage)
             ... on level 4 of the Dungeon.
             The game lasted 00:08:16 (3990 turns).

syranez the Chopper (Hill Orc Berserker)            Turns: 3990, Time: 00:08:17

Health: 0/61       AC:  5    Str: 21    XL:     7   Next: 0%
Magic:  7/7        EV: 12    Int:  7    God:    Trog [**....]
Gold:   122        SH:  0    Dex: 11    Spells: 0 memorised, 6 levels left

rFire  . . .     SeeInvis .     a - +0 hand axe
rCold  . . .     Gourm    .     y - +0 ring mail
rNeg   . . .     Faith    .     (no shield)
rPois  .         Spirit   .     (no helmet)
rElec  .         Reflect  .     (no cloak)
rCorr  .         Harm     +     (no gloves)
MR     .....                    (no boots)
Stlth  +.........               k - amulet of harm
                                (no ring)
                                f - -2 ring of slaying (curse)

@: no status effects
A: no striking features
a: Berserk, Trog's Hand, Burn Spellbooks, Renounce Religion


You were on level 4 of the Dungeon.
You worshipped Trog.
Trog was pleased with you.
You were near starving.

You visited 1 branch of the dungeon, and saw 4 of its levels.

You collected 122 gold pieces.

Inventory:

Hand Weapons
 a - a +0 hand axe (weapon)
Armour
 y - a +0 ring mail (worn)
Jewellery
 f - a cursed -2 ring of slaying (left hand)
 k - an amulet of harm (around neck)
 o - a cursed ring of teleportation {unknown}
 p - an uncursed amulet of rage {unknown}
Wands
 q - a wand of slowing (18/48)
 w - a wand of lightning (2/15)
Scrolls
 b - 2 scrolls of enchant weapon {unknown}
 e - 5 scrolls of identify {unknown}
 l - 2 scrolls of teleportation {unknown}
 u - 2 scrolls of remove curse {unknown}
 v - 2 scrolls of noise {unknown}
Potions
 h - a potion of ambrosia {unknown}
 i - a potion of beneficial mutation {unknown}
 j - 2 potions of lignification {unknown}
 m - a potion of might {unknown}
 n - a potion of curing {unknown}
 r - a potion of haste {unknown}
 s - 2 potions of cancellation {unknown}
 x - a potion of flight {unknown}
 z - a potion of berserk rage {unknown}
Comestibles
 c - a bread ration
 d - 8 fruits
 g - 5 meat rations


   Skills:
 + Level 5.4 Fighting
 + Level 6.9 Axes
 + Level 2.8 Armour
 + Level 3.0 Dodging
 + Level 1.5 Stealth


You had 6 spell levels left.
You didn't know any spells.

Dungeon Overview and Level Annotations

Branches:
Dungeon (4/15)
 Temple: D:4-7

Altars:
Elyvilon
Yredelemnul
The Shining One


Message History

You hit the phantom but do no damage.
The phantom is severely damaged.
The phantom closely misses you.
You closely miss the phantom.
The phantom is severely damaged.
The phantom hits you.
* * * LOW HITPOINT WARNING * * *
The phantom blinks!
The phantom hits you.
* * * LOW HITPOINT WARNING * * *
The phantom blinks!
You see here a stone.
You see here 2 stones.
You closely miss the phantom.
The phantom is severely damaged.
The phantom hits you but does no damage.
You slash the phantom!
The phantom is almost destroyed.
The phantom hits you!
You die...

#####
#(..#
#.#.#
#W#<#
#@###
#(#
#.#
#(#
#.#
#(#
#(#
.#
#(#
.#
#.#
.#


You could see a phantom.

Vanquished Creatures
  Sigmund (D:2)
  The ghost of azzavlup the Conjurer, an amateur DrCj (D:3)
  A scorpion (D:4)
  An orc wizard (D:3)
  A gnoll (D:1)
  An adder (D:2)
  2 oozes
  2 worms (D:3)
  A dart slug (D:3)
  5 leopard geckos
  11 orcs (D:3)
  2 giant cockroaches (D:2)
  5 goblins
  6 hobgoblins
  3 jackals (D:2)
  2 quokkas (D:2)
  2 ball pythons
  8 bats
  7 frilled lizards
  8 kobolds
  6 rats
76 creatures vanquished.

Notes
Turn   | Place    | Note
-------+----------+-------------------------------------------
     0 | D:1      | syranez the Hill Orc Berserker began the quest for the Orb.
     0 | D:1      | Reached XP level 1. HP: 19/19 MP: 1/1
   276 | D:1      | Reached XP level 2. HP: 4/27 MP: 2/2
  1004 | D:2      | Reached XP level 3. HP: 26/33 MP: 3/3
  1149 | D:2      | Noticed Sigmund
  1160 | D:2      | Killed Sigmund
  1160 | D:2      | Reached skill level 5 in Axes
  1160 | D:2      | Reached skill level 1 in Stealth
  1160 | D:2      | Reached XP level 4. HP: 35/41 MP: 4/4
  1160 | D:2      | Reached XP level 5. HP: 40/47 MP: 5/5
  1241 | D:2      | Reached skill level 6 in Axes
  1250 | D:2      | Reached ** piety under Trog
  1651 | D:2      | Found a white marble altar of Elyvilon.
  2023 | D:3      | Reached skill level 5 in Fighting
  2048 | D:3      | Reached XP level 6. HP: 26/56 MP: 6/6
  2532 | D:3      | Noticed azzavlup's ghost (amateur DrCj)
  2566 | D:3      | Killed azzavlup's ghost
  2731 | D:3      | Found a glowing golden altar of the Shining One.
  2733 | D:3      | Noticed an angel
  2748 | D:3      | Found a basalt altar of Yredelemnul.
  2750 | D:3      | Noticed a profane servitor
  3806 | D:4      | Reached XP level 7. HP: 52/61 MP: 7/7
  3990 | D:4      | Slain by a phantom

Skill      XL: |  1  2  3  4  5  6 |
---------------+-------------------+-----
Fighting       | 4 5 |  5.4
Axes           | 5 6 |  6.9
Dodging        | 2 3 |  3.0
Stealth        | 1 |  1.5
Armour         | |  2.8

Action                   |  1- 3 |  4- 6 |  7- 9 || total
-------------------------+-------+-------+-------++-------
Melee: Hand axe          |    82 |   254 |    41 ||   377
Throw: Stone             |       |       |    19 ||    19
Invok: Berserk           |     2 |     5 |     1 ||     8
       Trog's Hand       |       |     1 |       ||     1
 Stab: Sleeping          |     1 |     2 |       ||     3
  Eat: Chunk             |     2 |    15 |       ||    17
Armor: Animal skin       |    12 |    26 |       ||    38
       Ring mail         |       |    35 |     5 ||    40
Dodge: Dodged            |    59 |   132 |    15 ||   206
